 Dungeon Crawl Stone Soup version 0.29.1-1-gd02db6906a (webtiles) character file.

Game seed: 15350371956367182890

42 LastDream the Chopper (level 3, -3/20 HPs)
             Began as a Vine Stalker Berserker on Oct 12, 2022.
             Was a Believer of Trog.
             Slain by a gnoll
             ... wielding a +0 whip
              (5 damage)
             ... on level 2 of the Dungeon on Oct 13, 2022.
             The game lasted 00:08:58 (1881 turns).

LastDream the Chopper (Vine Stalker Berserker)      Turns: 1881, Time: 00:08:58

Health: -3/20      AC:  3    Str: 21    XL:     3   Next: 54%
Magic:  0/4        EV: 12    Int:  7    God:    Trog [**....]
Gold:   42         SH:  0    Dex: 13    Spells: 2/2 levels left

rFire   . . .      SeeInvis .   a - +0 hand axe
rCold   . . .      Faith    .   (no shield)
rNeg    . . .      Spirit   +   l - +0 robe
rPois   .          Reflect  .   (no helmet)
rElec   .          Harm     .   (no cloak)
rCorr   .          Rampage  .   (no gloves)
Will    .....                   k - +0 pair of boots
Stlth   +.........              (no amulet)
HPRegen 0.06/turn               (no ring)
MPRegen 0.09/turn               (no ring)

@: no status effects
A: fangs 2, magic shield, antimagic bite, no potion heal 2
a: Renounce Religion, Berserk, Trog's Hand


You were on level 2 of the Dungeon.
You worshipped Trog.
Trog was pleased with you.
You visited 1 branch of the dungeon, and saw 2 of its levels.

You collected 42 gold pieces.

Inventory:

Hand Weapons
 a - a +0 hand axe (weapon)
 e - a +0 short sword
 f - a +0 sling
 g - a +0 whip
 h - a +0 club
 j - a +0 club
 p - a +0 club
 q - a +0 dagger
 t - a +0 dagger
 v - a +0 dagger
 w - a +0 dagger
 A - a +0 trident
 E - a +0 dagger
Missiles
 i - 21 stones (quivered)
 C - 7 boomerangs
Armour
 b - a +0 animal skin
 k - a +0 pair of boots (worn)
 l - a +0 robe (worn)
 n - a +0 robe
 o - a +0 chain mail
 r - a +0 ring mail
 y - a +0 helmet
Scrolls
 c - a scroll of fear {unknown}
 m - 2 scrolls of immolation {unknown}
 s - a scroll of poison {unknown}
 z - a scroll of magic mapping {unknown}
 B - a scroll of teleportation {unknown}
 D - a scroll of enchant weapon {unknown}
Potions
 d - 3 potions of attraction {unknown}
 u - a potion of curing {unknown}
 x - a potion of mutation {unknown}


   Skills:
 + Level 3.0 Fighting
 + Level 3.5 Axes
 + Level 1.7 Armour
 + Level 1.7 Dodging


You had 2 spell levels left.
You didn't know any spells.
Your spell library contained the following spells:

 Spells                   Type           Power      Damage    Failure   Level
 Foxfire                  Conj/Fire      0%         2x1d4     43%         1
 Conjure Flame            Conj/Fire      0%         6-21      80%         3
 Inner Flame              Hex/Fire       0%         N/A       80%         3
 Flame Wave               Conj/Fire      0%         2d4       99%         4


Dungeon Overview and Level Annotations

Branches:
Dungeon (2/15)

Altars:
Okawaru


Innate Abilities, Weirdness & Mutations

You have extremely sharp teeth.
When hurt, damage is shared between your health and your magic reserves.
Your bite disrupts and absorbs the magic of your enemies.
Potions cannot restore your health.


Message History

A gnoll comes into view. It is wielding a +0 whip.
Found a book of Dreams.
A gnoll comes into view. It is wielding a +0 club.
The gnoll shouts!
A gnoll comes into view. It is wielding a +0 club.
A gnoll comes into view. It is wielding a +0 whip.
The gnoll shouts!
The gnoll throws a throwing net.
The throwing net hits you.
You become entangled in the net!
You see here a throwing net.
You struggle against the net.
You tear a large gash into the net.
You shred the net and break free! The gnoll hits you with a +0 club.
You hit the gnoll.
The gnoll is heavily wounded.
You hit the gnoll but do no damage. The gnoll hits you with a +0 club.
You slash the gnoll!
You kill the gnoll!
Trog accepts your kill.
You completely miss the gnoll. The gnoll hits you with a +0 club.
You hit the gnoll.
The gnoll is lightly wounded.
You hit the gnoll. The gnoll hits you with a +0 club.
The gnoll closely misses you.
You hit the gnoll but do no damage.
The gnoll is lightly wounded.
You hit the gnoll. The gnoll hits you with a +0 club.
* * * LOW HITPOINT WARNING * * *
The gnoll hits you with a +0 whip.
* * * LOW HITPOINT WARNING * * *
You hit the gnoll but do no damage.
The gnoll is lightly wounded.
You barely miss the gnoll. The gnoll hits you with a +0 club.
* * * LOW HITPOINT WARNING * * *
The gnoll closely misses you.
You hit the gnoll.
The gnoll is moderately wounded.
You closely miss the gnoll. The gnoll misses you.
The gnoll hits you with a +0 whip.
You die...

...# ...#
#...... ##.#
#..... .#.#
#####.....
.#.# #....:...
.# #........
.# #......g#
.# ......gg#
.# #@# #####
.# #.# #.##.
.# #.# #.##'
#.# ###.#..
#.# ##...'..
#.# #..###..
#.# ###..# #..
. .#
#.#######....#
#.. .#.#
#.#.......##.#
#..


You could see 3 gnolls.

Vanquished Creatures
  A gnoll (D:2)
  5 ball pythons (D:1)
  2 bats
  2 endoplasms (D:1)
  A giant cockroach (D:1)
  5 goblins (D:1)
  2 hobgoblins (D:1)
  5 kobolds
  A quokka (D:1)
  A frilled lizard (D:2)
  5 rats
30 creatures vanquished.

Notes
Turn   | Place    | Note
-------+----------+-------------------------------------------
     0 | D:1      | LastDream the Vine Stalker Berserker began the quest for
                  | the Orb.
     0 | D:1      | Reached XP level 1. HP: 11/11 MP: 2/2
   413 | D:1      | Reached XP level 2. HP: 16/16 MP: 3/3
  1162 | D:1      | Reached XP level 3. HP: 19/19 MP: 4/4
  1601 | D:2      | Reached ** piety under Trog
  1797 | D:2      | Found an iron altar of Okawaru.
  1881 | D:2      | Slain by a gnoll

Illustrated notes

Levels and vault maps discovered:
D:1:      onia_arrival_mini_spirals, layout_basic, corexii_leaking_fountain,
          st_stairs_12, minmay_misc_feat_more_columns
D:2:      layout_basic, hellmonk_ecumenical_altar_inner_sanctum,
          serial_corexii_hall, chequers_hall_statues_corner_a,
          corexii_hall_statues_u, basic_altar

Skill      XL: |  1  2  3 |
---------------+----------+-----
Axes           | 3 |  3.5
Fighting       | 3 |  3.0
Armour         | |  1.7
Dodging        | |  1.7

Action                   || total
-------------------------++-------
Melee: Hand axe          ||    62
       Bite              ||    10
       Punch             ||     1
Invok: Berserk           ||     2
Armor: Animal skin       ||     5
       Robe              ||    11
Dodge: Dodged            ||    38
